 Dungeon Crawl Stone Soup version 0.31-a0-1074-g0b22e4e0f1 (webtiles) character file.

Game seed: 440077968508153040

44459 ytrimaz the Spry (level 15, -5/107 HPs)
             Began as a Meteoran Shapeshifter on Dec 6, 2023.
             Was an Initiate of Gozag.
             Killed from afar by a rime drake (7 damage)
             ... with an icy flash freeze
             ... on level 5 of the Lair of Beasts on Dec 8, 2023.
             The game lasted 00:35:14 (9466 turns).

ytrimaz the Spry (Meteoran Shapeshifter)            Turns: 9466, Time: 00:35:15

Health: -5/107     AC: 21    Str: 18    XL:     15   Next: 7%
Magic:  16/16      EV: 22    Int: 12    God:    Gozag
Gold:   1132       SH:  0    Dex: 20    Spells: 14/14 levels left

rFire   + +          +
                       - Unarmed
rCold   . . .        (shield currently unavailable)
rNeg    . . .        b - +4 chain mail of the Hills {rF++}
rPois   .            I - +2 hat
rElec   +            L - scarf {rC+ rF+}
rCorr   +            (no gloves)
SInv    +            p - +2 pair of boots {Fly}
Will    +....        F - amulet "Tyonaejo" {Acrobat rElec rC- rCorr SInv} Stlth
                     k - ring of the Evening {rF+ EV+5 Slay+4}
HPRegen 0.37/turn    m - +4 ring of protection
MPRegen 0.15/turn

%: acrobat
@: lethally poisoned (-5 -> -19), flux-form, gold aura, flying, glowing
A: glow, contaminating, sense surroundings 2, otherworldly, glowing, explore
regen
a: Begin Untransformation, Renounce Religion, Potion Petition, Call Merchant,
Bribe Branch


You were on level 5 of the Lair of Beasts.
You worshipped Gozag.
Gozag was most pleased with you.
You were something dangerously unstable.
You visited 4 branches of the dungeon, and saw 18 of its levels.
You also visited: Bailey.

You collected 3763 gold pieces.
You spent 153 gold pieces at shops.
You paid 2478 gold pieces to Gozag.


Innate Abilities, Weirdness & Mutations

You are something dangerously unstable.
You glow with magical radiation, making you easy to see and hit.
Foes you strike become dangerously contaminated with magical radiation.
You are incapable of wielding weapons or throwing items.
You passively map the area around you.
You are easily found by Zot.
You glow in the dark.
You regain HP and MP as you explore.


   Skills:
 - Level 10.7 Fighting
 + Level 17.2 Dodging
 - Level 13.5 Unarmed Combat
 + Level 13.6 Shapeshifting


You had 14 spell levels left.
You didn't know any spells.
Your spell library contained the following spells:

 Spells                   Type           Power      Damage    Failure   Level
 Foxfire                  Conj/Fire      0%         2x1d4     98%         1
 Freeze                   Ice            0%         1d3       98%         1
 Sandblast                Erth           0%         2d4       98%         1
 Passwall                 Tmut/Erth      0%         N/A       99%         2
 Frozen Ramparts          Ice            0%         1d1       100%        3
 Hailstorm                Conj/Ice       0%         3d3       100%        3
 Stone Arrow              Conj/Erth      0%         3d7       100%        3
 Brom's Barrelling Bould  Conj/Erth      0%         2d3       100%        4
 Vhi's Electric Charge    Tloc/Air       0%         N/A       100%        4
 Arcjolt                  Conj/Air       0%         1d10      100%        5
 Iskenderun's Battlesphe  Conj           0%         2d6       100%        5
 Bombard                  Conj/Erth      0%         9d1       100%        6
 Plasma Beam              Fire/Air       0%         2x1d10    100%        6
 Starburst                Conj/Fire      0%         6d3       100%        6
 Haunt                    Necr/Summ      0%         N/A       100%        7
 Spellforged Servitor     Conj/Summ      0%         N/A       100%        7
 Borgnjor's Revivificati  Necr           0%         N/A       100%        8
 Maxwell's Capacitive Co  Air            0%         ∞         100%        8
 Death's Door             Necr           0%         N/A       100%        9

Inventory:

Missiles
 M - 2 throwing nets
Armour
 b - the +4 chain mail of the Hills (worn) {rF++}
   (You found it on level 3 of the Dungeon)

   rF++:      It greatly protects you from fire.
 p - a +2 pair of boots of flying (worn)
   (You found it on level 2 of the Dungeon)
 x - the +3 scale mail "Issiu" {rElec rN++}
   (You found it on level 5 of the Dungeon)

   rElec:     It insulates you from electricity.
   rN++:      It greatly protects you from negative energy.
 I - a +2 hat (worn)
   (You took it off Gastronok on level 8 of the Dungeon)
 L - a scarf of resistance (worn)
   (You found it on level 10 of the Dungeon)
Jewellery
 e - a ring of flight
   (You found it on level 1 of the Dungeon)
 g - a ring of resist corrosion
   (You found it on level 4 of the Lair of Beasts)
 k - the ring of the Evening (left hand) {rF+ EV+5 Slay+4}
   (You acquired it in a bailey)

   [ring of evasion]

   EV+5:      It affects your evasion (+5).
   Slay+4:    It affects your accuracy & damage with ranged weapons and melee
   (+4).
   rF+:       It protects you from fire.
 m - a +4 ring of protection (right hand)
   (You found it on level 2 of the Dungeon)
 z - a ring of fire
   (You found it on level 5 of the Dungeon)
 F - the amulet "Tyonaejo" (around neck) {Acrobat rElec rC- rCorr SInv}
   (You found it on level 3 of the Lair of Beasts)

   [amulet of the acrobat]

   Acrobat:   It increases your evasion while moving and waiting.
   rC-:       It makes you vulnerable to cold.
   rElec:     It insulates you from electricity.
   SInv:      It lets you see invisible.
   rCorr:     It protects you from acid and corrosion.
 O - a ring of positive energy
   (You found it on level 3 of the Lair of Beasts)
Talismans
 c - a beast talisman
 d - a flux talisman (active)
Wands
 a - a wand of digging (1)
   (You found it on level 1 of the Lair of Beasts)
 n - a wand of mindburst (13)
   (You found it on level 2 of the Dungeon)
 u - a wand of paralysis (7) (quivered)
   (You took it off Urug on level 2 of the Lair of Beasts)
 C - a wand of polymorph (1)
   (You found it on level 2 of the Lair of Beasts)
 J - a wand of quicksilver (3)
   (You found it on level 9 of the Dungeon)
Scrolls
 f - a scroll of fog {unknown}
 i - 5 scrolls of enchant armour
 q - a scroll of revelation
 r - a scroll of immolation
 s - a scroll of amnesia
 t - 3 scrolls of poison
 y - 2 scrolls of teleportation
 B - 4 scrolls of noise
 G - 2 scrolls of fear
 H - a scroll of vulnerability
Potions
 h - 2 potions of attraction
 j - 3 potions of curing
 l - 2 potions of ambrosia {unknown}
 o - 3 potions of brilliance
 v - a potion of enlightenment {unknown}
 w - 2 potions of resistance
 D - a potion of mutation {unknown}
 E - a potion of berserk rage {unknown}
 K - a potion of magic {unknown}
 N - a potion of haste

Dungeon Overview and Level Annotations

Branches:
Dungeon (11/15) Zot: 490   Temple (1/1) D:6 Zot: 598    Lair (5/5) D:8 Zot: 460
  Snake (0/4) Lair:3        Slime (0/5) Lair:5          Orc (1/2) D:10 Zot: 598
 Bailey (visited)
  Swamp: Lair:2-3    Shoals: Lair:2-3

Altars:
Ashenzari
Cheibriados
Dithmenos
Elyvilon
Fedhas
Gozag
Hepliaklqana
Makhleb
Nemelex Xobeh
Okawaru
Qazlal
Ru
Trog
Uskayaw
Xom
Yredelemnul
Zin
The Shining One

Shops:
Lair:1 [   Lair:4 =

Annotations:
D:4 2 runed translucent doors, Splishie's ghost, amateur GnSh
Lair:2 exclusion: 2 oklob plants
Lair:3 2 transporters, 1 runed translucent door, Sompeu's ghost, journeyman DrDe

######## #..###
#.P.##### ##### ##.#
.....P#.# #P...## #.#
........###,.....###.##
#####.....# ,[....###.#
....#.....# [....####
#...#....P#* ..#..#
....#...########FH.##
##.###.......#..p#.P# *
.###...#.#...#...k.##*
, .##..........#......#
#####....#####....#.#
,* ,, #
#............####, ,, #
##..........## ,,
#####.P.####*, , , *
##### *, * * * * ,, ,


You could see a manticore (heavy contam), a cane toad and a rime drake (heavy
contam, catching breath).


Message History

You take 13 damage, and now have 60/107 hp.
Unknown command.
You punch the eight-headed hydra!
The eight-headed hydra glows dangerously bright.
The cane toad misses you.
The rime drake bites you but does no damage.
You hit the eight-headed hydra.
The eight-headed hydra shudders as magic cascades through it!!!
The eight-headed hydra twists and deforms.
The eight-headed hydra completely misses you.
The eight-headed hydra closely misses you.
The eight-headed hydra completely misses you.
The eight-headed hydra closely misses you.
The eight-headed hydra misses you. x2
The eight-headed hydra bites you but does no damage.
The eight-headed hydra misses you. The cane toad completely misses you.
The rime drake misses you.
You hit the eight-headed hydra.
The eight-headed hydra begins to glow.
The eight-headed hydra misses you.
The eight-headed hydra bites you but does no damage.
The eight-headed hydra bites you. x2
* * * LOW HITPOINT WARNING * * *
The eight-headed hydra bites you but does no damage.
The eight-headed hydra barely misses you. x2
The eight-headed hydra completely misses you.
The cane toad closely misses you.
The rime drake barely misses you. 😨 HP[-7]
You take 7 damage, and now have 53/107 hp.
Unknown command.
You punch the eight-headed hydra!
The eight-headed hydra glows dangerously bright.
The cane toad completely misses you. The eight-headed hydra misses you.
The eight-headed hydra barely misses you.
The eight-headed hydra completely misses you.
The eight-headed hydra barely misses you.
The eight-headed hydra completely misses you.
The eight-headed hydra closely misses you.
The eight-headed hydra misses you.
The eight-headed hydra bites you but does no damage.
The rime drake breathes ice at you. The icy flash freeze hits you!!
* * * LOW HITPOINT WARNING * * *
You are encased in ice. 😱 HP[-28]
You take 28 damage, and now have 25/107 hp.
MASSIVE DAMAGE!! (PAUSE)
You completely miss the eight-headed hydra.
The cane toad barely misses you.
Unknown command.
You hit the eight-headed hydra.
You kill the eight-headed hydra!
The rime drake completely misses you.
Unknown command.
Okay, then.
Unknown command.
You barely miss the rime drake. The cane toad completely misses you.
The rime drake bites you.
* * * LOW HITPOINT WARNING * * *
Unknown command.
You punch the rime drake!
The rime drake begins to glow.
The cane toad barely misses you.
The rime drake is distracted by your dazzling golden aura.
The manticore bites you but does no damage.
The manticore misses you. x2
The rime drake hisses angrily.
Unknown command.
You hit the rime drake.
The rime drake glows dangerously bright.
The rime drake is no longer distracted by gold.
The rime drake completely misses you. The cane toad completely misses you.
Unknown command.
You punch the manticore!
The manticore begins to glow.
You carefully extract the barbed spikes from your body.
The ice encasing you melts away. The manticore bites you.
* * * LOW HITPOINT WARNING * * *
The manticore claws you.
* * * LOW HITPOINT WARNING * * *
The manticore barely misses you. The cane toad barely misses you.
The rime drake bites you but does no damage. 😱 HP[-5]
You take 5 damage, and now have 20/107 hp.
You hit the manticore.
The manticore glows dangerously bright.
The cane toad stings you.
* * * LOW HITPOINT WARNING * * *
The rime drake bites you but does no damage.
The manticore is distracted by your dazzling golden aura. 😱 HP[-5]
You take 5 damage, and now have 15/107 hp.
Unknown command.
You barely miss the manticore.
The manticore is no longer distracted by gold.
The cane toad stings you!
* * * LOW HITPOINT WARNING * * *
You are lethally poisoned!
The cane toad poisons you! The rime drake breathes ice at you.
The icy flash freeze hits you!
You die...
Your body crumbles into a pile of gold.

Skill      XL: |  1  2  3  4  5  6  7  8  9 10 11 12 13 14 |
---------------+-------------------------------------------+-----
Unarmed Combat | 4 5 6 7 9 12 13 | 13.5
Shapeshifting  | 4 5 6 7 9 11 13 | 13.6
Dodging        | 3 4 5 6 8 11 13 14 15 17 | 17.2
Fighting       | 4 7 10 | 10.7

Action                     |  1- 3 |  4- 6 |  7- 9 | 10-12 | 13-15 || total
---------------------------+-------+-------+-------+-------+-------++-------
  Melee: Unarmed           |    74 |   135 |   315 |   608 |   600 ||  1732
         Punch             |     2 |     5 |    10 |       |     2 ||    19
 Invoke: Potion Petition   |       |       |       |     2 |     2 ||     4
         Call Merchant     |       |       |       |     1 |     1 ||     2
  Evoke: Wand              |       |       |     3 |       |     3 ||     6
    Use: Potion            |       |     1 |       |     1 |     4 ||     6
         Scroll            |       |       |     4 |     6 |     7 ||    17
   Stab: Distracted        |       |       |       |     3 |     6 ||     9
         Petrified         |       |       |       |       |     3 ||     3
 Armour: Animal skin       |    30 |    39 |       |       |       ||    69
         Skin              |       |    14 |       |       |    45 ||    59
         Chain mail        |       |    89 |   244 |   345 |   387 ||  1065
  Dodge: Dodged            |    43 |    71 |   147 |   413 |   737 ||  1411
   Form: Flux              |       |       |     1 |       |       ||     1

Levels and vault maps discovered:
D:1:      psy_arrival_spokes, layout_basic, fountainhead
D:2:      layout_basic, basic_altar, palyth_stone_intersect,
          nicolae_figureground_sparkle, uniq_crazy_yiuf_cottage
D:3:      layout_rooms, mainiacjoe_overflow_catwalk_spiral,
          kennysheep_cross_room, kennysheep_generic_room_11
D:4:      minmay_chambers_of_twos, layout_cave_pools,
          nicolae_elyvilon_peaceful_grove, ebering_ghost_disaster_area
D:5:      wad_woods_pond, layout_loops_cross, okawaru_ov_weapons_minmay
D:6:      layout_cave_pods, mainiacjoe_overflow_small_starburst,
          lemuel_crystal_altar, minmay_temple_entry_offerings,
          grunt_ministairs_2, st_stairs_10, uniq_edmund, uniq_menkaure
D:7:      kennysheep_kobold_camp, layout_basic, palyth_temple_overflow_mages,
          mainiacjoe_overflow_alcove_2, mainiacjoe_overflow_alcove_1,
          uniq_prince_ribbit1
D:8:      layout_basic, grunt_temple_overflow_open,
          mainiacjoe_overflow_big_doors, david_lair_shrubbed, uniq_gastronok
D:9:      layout_long_grid, brannock_xom_greatest_gift, enter_bailey_3,
          minmay_bent
D:10:     layout_roguey, pdpol_wu_jian_five_deadly_venoms, erik_orc_3,
          hangedman_decor_peaks_small, david_defended_altar_orc
D:11:     layout_gridville, serial_bayou_pond_e, kennysheep_generic_room_5
Temple:   ebering_the_none_and_only
Lair:1:   layout_concentric_octagons, grunt_megastairs_5
Lair:2:   minmay_lair_oklob_tunnel, layout_gridlike, elwin_shoals_entry_rooms,
          minmay_lair_oklob_bushes, uniq_urug
Lair:3:   gammafunk_worm_tunnel, layout_regular_city,
          nicolae_snake_entry_warm_welcome, ebering_ghost_reflecting_pool,
          uniq_josephine
Lair:4:   layout_regular_city, serial_bayou, serial_bayou_pond_d,
          serial_bayou_shore_b, serial_bayou_shore_a, serial_bayou_ford_a,
          pdpol_lair_cavern_descent, grunt_megastairs_4
Lair:5:   hangedman_lair_in_review, layout_loops_ring,
          minmay_slime_entry_pillars, gammafunk_ghost_necromancy, basic_altar,
          st_stairs_13
Orc:1:    layout_caves, portal_ice_cave_rime

Notes
Turn   | Place    | Note
-------+----------+-------------------------------------------
     0 | D:1      | ytrimaz the Meteoran Shapeshifter began the quest for the
                  | Orb.
     0 | D:1      | Reached XP level 1. HP: 16/16 MP: 2/2
     0 | D:1      | magus.rc [v1.9.6]
    70 | D:1      | Reached XP level 2. HP: 19/23 MP: 3/3
   152 | D:1      | Reached skill level 4 in Unarmed Combat
   175 | D:1      | Reached XP level 3. HP: 27/28 MP: 4/4
   239 | D:1      | Reached skill level 4 in Shapeshifting
   360 | D:1      | Reached skill level 3 in Dodging
   452 | D:2      | Reached XP level 4. HP: 35/35 MP: 5/5
   845 | D:2      | Reached XP level 5. HP: 40/40 MP: 6/6
   900 | D:2      | Found a bloodstained altar of Trog.
   926 | D:2      | magus.rc [v1.9.6]
  1109 | D:2      | Glimpsed the power of Zot.
  1159 | D:2      | Glimpsed the power of Zot.
  1337 | D:3      | Reached skill level 5 in Unarmed Combat
  1339 | D:3      | Reached skill level 4 in Dodging
  1339 | D:3      | Reached XP level 6. HP: 31/47 MP: 7/7
  1409 | D:3      | Found a glowing golden altar of the Shining One.
  1409 | D:3      | Found a glowing silver altar of Zin.
  1470 | D:3      | Identified the +4 chain mail of the Hills {rF++}
  1626 | D:3      | Reached skill level 5 in Shapeshifting
  1640 | D:3      | magus.rc [v1.9.6]
  1640 | D:3      | magus.rc [v1.9.6]
  1761 | D:4      | Reached XP level 7. HP: 48/52 MP: 8/8
  1768 | D:4      | Found a large runed translucent door.
  1769 | D:4      | Found a large runed translucent door.
  1771 | D:4      | Noticed Splishie's ghost (amateur GnSh)
  1899 | D:4      | Reached skill level 5 in Dodging
  1899 | D:4      | Reached skill level 6 in Unarmed Combat
  1987 | D:4      | Found a white marble altar of Elyvilon.
  2141 | D:5      | Entered Level 5 of the Dungeon
  2220 | D:5      | You pick up a book of Geomancy and begin reading...
  2220 | D:5      | You add the spells Sandblast, Passwall, Stone Arrow and
                  | Brom's Barrelling Boulder to your library.
  2259 | D:5      | Reached skill level 6 in Shapeshifting
  2414 | D:5      | Found an iron altar of Okawaru.
  2544 | D:5      | You pick up a book of Frost and begin reading...
  2544 | D:5      | You add the spells Freeze, Frozen Ramparts and Hailstorm to
                  | your library.
  2548 | D:5      | Identified the +3 scale mail "Issiu" {rElec rN++}
  2571 | D:5      | Reached XP level 8. HP: 59/59 MP: 9/9
  2929 | D:5      | Glimpsed the power of Zot.
  3020 | D:6      | Found a staircase to the Ecumenical Temple.
  3029 | D:6      | You pick up a book of Fire and begin reading...
  3029 | D:6      | You add the spells Foxfire, Plasma Beam and Starburst to
                  | your library.
  3038 | Temple   | Entered the Ecumenical Temple
  3055 | D:6      | You add the spells Haunt, Borgnjor's Revivification and
                  | Death's Door to your library.
  3061 | D:6      | Noticed Edmund
  3072 | D:6      | Killed Edmund
  3073 | D:6      | Reached skill level 7 in Unarmed Combat
  3093 | D:6      | Reached skill level 6 in Dodging
  3140 | D:6      | HP: 14/59 [gnoll/+0 whip[a gnoll bouda] (5)]
  3141 | D:6      | Found a sacrificial altar of Ru.
  3171 | D:6      | HP: 6/59 [gnoll/+0 halberd[a gnoll bouda] (9)]
  3277 | D:6      | Noticed Menkaure
  3281 | D:6      | Killed Menkaure
  3282 | D:6      | Reached skill level 7 in Shapeshifting
  3282 | D:6      | Gained mutation: You passively map the area around you.
                  | [Meteoran growth]
  3282 | D:6      | Reached XP level 9. HP: 35/64 MP: 10/10
  3282 | D:6      | Found an opulent altar of Gozag.
  3291 | D:6      | Became a worshipper of Gozag Ym Sagoz the Greedy
  3460 | D:6      | Reached skill level 7 in Dodging
  3460 | D:6      | Reached skill level 8 in Unarmed Combat
  3542 | D:6      | Glimpsed the power of Zot.
  3634 | D:7      | Noticed Prince Ribbit
  3661 | D:7      | Killed Prince Ribbit
  3694 | D:7      | Reached skill level 9 in Unarmed Combat
  3715 | D:7      | Reached skill level 8 in Dodging
  3802 | D:7      | You pick up a book of Power and begin reading...
  3802 | D:7      | You add the spells Iskenderun's Battlesphere, Bombard and
                  | Spellforged Servitor to your library.
  3831 | D:7      | Found a bloodstained altar of Trog.
  3840 | D:7      | Found a hide-covered altar of Uskayaw.
  4057 | D:7      | Identified +0 pearl dragon scales
  4167 | D:7      | Glimpsed the power of Zot.
  4169 | D:7      | Reached XP level 10. HP: 69/71 MP: 11/11
  4205 | D:7      | Reached skill level 10 in Unarmed Combat
  4209 | D:7      | Reached skill level 9 in Dodging
  4219 | D:7      | Glimpsed the power of Zot.
  4267 | D:8      | Found a shadowy altar of Dithmenos.
  4268 | D:8      | Found a stormy altar of Qazlal.
  4269 | D:8      | Found a blossoming altar of Fedhas.
  4269 | D:8      | Found a basalt altar of Yredelemnul.
  4270 | D:8      | Found a hazy altar of Hepliaklqana.
  4271 | D:8      | Found a sparkling altar of Nemelex Xobeh.
  4272 | D:8      | Found a snail-covered altar of Cheibriados.
  4515 | D:8      | Found a staircase to the Lair.
  4516 | D:8      | Noticed a komodo dragon
  4534 | D:8      | Killed a komodo dragon
  4549 | D:8      | Reached skill level 11 in Unarmed Combat
  4607 | D:8      | Reached skill level 10 in Dodging
  4722 | D:8      | Noticed Gastronok
  4738 | D:8      | HP: 13/71 [Gastronok (20)]
  4742 | D:8      | Killed Gastronok
  4743 | D:8      | Reached skill level 12 in Unarmed Combat
  4783 | D:8      | Glimpsed the power of Zot.
  4789 | D:8      | Found a broken altar of Ashenzari.
  4794 | D:8      | Found a burning altar of Makhleb.
  4858 | D:9      | Found a shimmering altar of Xom.
  4933 | D:9      | Reached skill level 11 in Dodging
  4997 | D:9      | Noticed a white ugly thing
  5015 | D:9      | Reached XP level 11. HP: 69/77 MP: 12/12
  5042 | D:9      | Killed a cyan ugly thing
  5186 | D:9      | You add the spells Vhi's Electric Charge, Arcjolt and
                  | Maxwell's Capacitive Coupling to your library.
  5315 | D:9      | Found a flagged portal.
  5333 | Bailey   | Entered a bailey
  5351 | Bailey   | Reached skill level 13 in Unarmed Combat
  5543 | Bailey   | Reached skill level 12 in Dodging
  5571 | Bailey   | Noticed an orc knight
  5590 | Bailey   | Killed an orc knight
  5600 | Bailey   | Acquired the ring of the Evening {rF+ EV+5 Slay+4}
  5709 | D:9      | Glimpsed the power of Zot.
  5757 | D:10     | Entered Level 10 of the Dungeon
  5771 | D:10     | Identified the +2 flail of Turmoil {flame, rN+++ Str+2
                  | Dex-4 SInv}
  5904 | D:10     | Noticed a two-headed ogre
  5914 | D:10     | Killed a two-headed ogre
  5915 | D:10     | Reached skill level 2 in Fighting
  5977 | D:10     | Noticed a cyclops
  5986 | D:10     | Killed a cyclops
  5987 | D:10     | Reached skill level 3 in Fighting
  5996 | D:10     | Found a staircase to the Orcish Mines.
  6011 | D:10     | Noticed a cyclops
  6021 | D:10     | Killed a cyclops
  6022 | D:10     | Reached skill level 4 in Fighting
  6127 | D:10     | Reached skill level 13 in Dodging
  6127 | D:10     | Reached XP level 12. HP: 92/92 MP: 13/13
  6181 | D:10     | Reached skill level 5 in Fighting
  6282 | Orc:1    | Entered Level 1 of the Orcish Mines
  6282 | Orc:1    | Noticed a two-headed ogre
  6282 | Orc:1    | Noticed an orc high priest
  6331 | D:10     | Glimpsed the power of Zot.
  6385 | D:10     | Glimpsed the power of Zot.
  6545 | Lair:1   | Entered Level 1 of the Lair of Beasts
  6553 | Lair:1   | Bought a faintly glowing robe for 153 gold pieces
  6553 | Lair:1   | Identified the +2 robe "Wade" {rPois rF+ Dex-5 Stlth+} (You
                  | bought it in a shop on level 1 of the Lair of Beasts)
  6726 | Lair:1   | Reached skill level 6 in Fighting
  6733 | Lair:1   | Reached skill level 8 in Shapeshifting
  6914 | Lair:1   | Reached skill level 7 in Fighting
  7018 | Lair:1   | Reached skill level 14 in Dodging
  7075 | Lair:1   | Glimpsed the power of Zot.
  7126 | Lair:1   | Glimpsed the power of Zot.
  7167 | Lair:1   | Glimpsed the power of Zot.
  7177 | Lair:1   | Touched by the power of Zot (MHP 100 -> 81)
  7208 | Lair:2   | Reached skill level 9 in Shapeshifting
  7247 | Lair:2   | Reached XP level 13. HP: 69/85 MP: 14/14
  7280 | Lair:2   | Noticed an eight-headed hydra
  7305 | Lair:2   | Killed an eight-headed hydra
  7306 | Lair:2   | Reached skill level 8 in Fighting
  7308 | Lair:2   | HP: 21/86 [poisoned by a cane toad]
  7313 | Lair:2   | HP: 15/86 [poisoned by a cane toad]
  7318 | Lair:2   | HP: 14/86 [poisoned by a cane toad]
  7407 | Lair:2   | Noticed a death yak
  7407 | Lair:2   | Noticed a death yak
  7407 | Lair:2   | Noticed a death yak
  7408 | Lair:2   | Noticed a death yak
  7431 | Lair:2   | Noticed a death yak
  7432 | Lair:2   | Noticed a death yak
  7447 | Lair:2   | Killed a death yak
  7450 | Lair:2   | HP: 24/129 [death yak (17)]
  7453 | Lair:2   | Killed a death yak
  7463 | Lair:2   | HP: 32/132 [death yak (17)]
  7464 | Lair:2   | Killed a death yak
  7468 | Lair:2   | HP: 28/132 [death yak (8)]
  7469 | Lair:2   | HP: 10/132 [death yak (14)]
  7472 | Lair:2   | Killed a death yak
  7473 | Lair:2   | Reached skill level 10 in Shapeshifting
  7477 | Lair:2   | HP: 9/132 [death yak (3)]
  7478 | Lair:2   | HP: 3/88 [death yak (3)]
  7483 | Lair:2   | Killed a death yak
  7485 | Lair:2   | HP: 8/133 [death yak (7)]
  7486 | Lair:2   | Killed a death yak
  7487 | Lair:2   | Reached skill level 9 in Fighting
  7573 | Lair:2   | Reached skill level 15 in Dodging
  7626 | Lair:2   | Noticed Urug
  7642 | Lair:2   | Killed Urug
  7824 | Lair:3   | Found a transporter.
  7827 | Lair:3   | Identified the amulet "Tyonaejo" {Acrobat rElec rC- rCorr
                  | SInv}
  7871 | Lair:3   | Found a transporter.
  7873 | Lair:3   | Noticed Josephine
  7890 | Lair:3   | Killed Josephine
  7891 | Lair:3   | Reached skill level 11 in Shapeshifting
  7958 | Lair:3   | Reached skill level 10 in Fighting
  7992 | Lair:3   | Noticed a catoblepas
  8015 | Lair:3   | Killed a catoblepas
  8018 | Lair:3   | Reached XP level 14. HP: 90/100 MP: 15/15
  8238 | Lair:3   | Found a runed translucent door.
  8244 | Lair:3   | Noticed Sompeu's ghost (journeyman DrDe)
  8685 | Lair:4   | Reached skill level 16 in Dodging
  8757 | Lair:4   | Reached skill level 12 in Shapeshifting
  8991 | Lair:5   | Entered Level 5 of the Lair of Beasts
  8992 | Lair:5   | Found a snail-covered altar of Cheibriados.
  9034 | Lair:5   | Found a staircase to the Slime Pits.
  9103 | Lair:5   | Identified the orb of the Lily {mayhem, rElec Str+2}
  9167 | Lair:5   | Reached skill level 13 in Shapeshifting
  9371 | Lair:5   | Reached skill level 17 in Dodging
  9426 | Lair:5   | Reached XP level 15. HP: 97/107 MP: 16/16
  9458 | Lair:5   | HP: 25/107 [rime drake/icy flash freeze (28)]
  9464 | Lair:5   | HP: 25/107 [manticore (1)]
  9466 | Lair:5   | HP: 2/107 [cane toad (13)]
  9466 | Lair:5   | Killed from afar by a rime drake

Vanquished Creatures
  Gastronok (D:8)
  Josephine (Lair:3)
  3 hydras
  3 catoblepae
  A two-headed ogre (D:10)
  6 death yaks (Lair:2)
  Urug (Lair:2)
  A skyshark (Lair:4)
  An orc knight (Bailey)
  3 lindwurms
  2 cyclopes (D:10)
  An ugly thing (D:9)
  A manticore (Lair:5)
  An oklob plant (Lair:2)
  12 elephants
  7 black mambas
  10 cane toads
  10 komodo dragons
  3 rime drakes
  A merfolk (Lair:2)
  A polar bear (Lair:4)
  Prince Ribbit (D:7)
  A hornet (Lair:1)
  9 blink frogs
  6 dream sheep (Lair:4)
  2 slime creatures (Lair:5)
  37 yaks
  2 wyverns
  A vampire (D:10)
  3 wraiths (Lair:3)
  A steam dragon (D:8)
  6 basilisks
  Edmund (D:6)
  Menkaure (D:6)
  11 water moccasins
  14 orc warriors
  5 black bears
  2 sky beasts
  9 wolves
  An ogre (D:10)
  5 centaurs
  6 bullfrogs
  A gnoll sergeant (D:9)
  4 kobold brigands
  2 scorpions
  5 wights (D:9)
  A howler monkey (D:9)
  4 electric eels (Lair:4)
  A hound (D:4)
  2 jellies (Lair:5)
  A gnoll bouda (D:6)
  8 orc priests
  5 sleepcaps
  2 iguanas (D:5)
  6 orc wizards
  26 gnolls
  6 adders
  2 shadow imps
  5 worms
  7 dart slugs
  44 orcs
  7 endoplasms
  10 giant cockroaches
  8 goblins
  9 hobgoblins
  45 kobolds
  5 quokkas
  7 ball pythons
  3 bats
  A frilled lizard (D:1)
  2 rats (D:1)
423 creatures vanquished.

Vanquished Creatures (others)
  A butterfly (D:4)
1 creature vanquished.

Grand Total: 424 creatures vanquished

Table legend:
 A = Non-vault XP
 B = Vault XP
 C = Vault XP percentage of total XP
 D = Non-vault monster count
 E = Vault monster count
 F = Vault count percentage of total count
                 A         B        C        D         E       F
            +---------+---------+-------+---------+---------+-------
      Total |   40700 |   22814 |  35.9 |     297 |     126 |  29.8
            +---------+---------+-------+---------+---------+-------
        D:1 |      49 |       0 |   0.0 |      25 |       0 |   0.0
        D:2 |      99 |       0 |   0.0 |      17 |       0 |   0.0
        D:3 |     160 |       0 |   0.0 |      19 |       0 |   0.0
        D:4 |     173 |     227 |  56.8 |      21 |       8 |  27.6
        D:5 |     168 |      39 |  18.8 |       8 |       1 |  11.1
        D:6 |     313 |     680 |  68.5 |      16 |       6 |  27.3
        D:7 |    1235 |     410 |  24.9 |      18 |      22 |  55.0
        D:8 |     520 |    2078 |  80.0 |       9 |       3 |  25.0
        D:9 |    1106 |    1066 |  49.1 |      29 |      10 |  25.6
       D:10 |    3068 |    1836 |  37.4 |      20 |      20 |  50.0
       D:11 |      84 |       0 |   0.0 |       3 |       0 |   0.0
     Lair:1 |    5853 |     649 |  10.0 |      27 |       2 |   6.9
     Lair:2 |    9310 |    2991 |  24.3 |      24 |       5 |  17.2
     Lair:3 |    7306 |    1547 |  17.5 |      18 |       4 |  18.2
     Lair:4 |    9007 |    1693 |  15.8 |      36 |       4 |  10.0
     Lair:5 |    2249 |    8121 |  78.3 |       7 |      20 |  74.1
     Bailey |       0 |    1477 | 100.0 |       0 |      21 | 100.0
            +---------+---------+-------+---------+---------+-------

Skill      XL: |  1  2  3  4  5  6  7  8  9 10 11 12 13 14 |
---------------+-------------------------------------------+-----
Unarmed Combat | 4 5 6 7 9 12 13 | 13.5
Shapeshifting  | 4 5 6 7 9 11 13 | 13.6
Dodging        | 3 4 5 6 8 11 13 14 15 17 | 17.2
Fighting       | 4 7 10 | 10.7

Action                     |  1- 3 |  4- 6 |  7- 9 | 10-12 | 13-15 || total
---------------------------+-------+-------+-------+-------+-------++-------
  Melee: Unarmed           |    74 |   135 |   315 |   608 |   600 ||  1732
         Punch             |     2 |     5 |    10 |       |     2 ||    19
 Invoke: Potion Petition   |       |       |       |     2 |     2 ||     4
         Call Merchant     |       |       |       |     1 |     1 ||     2
  Evoke: Wand              |       |       |     3 |       |     3 ||     6
    Use: Potion            |       |     1 |       |     1 |     4 ||     6
         Scroll            |       |       |     4 |     6 |     7 ||    17
   Stab: Distracted        |       |       |       |     3 |     6 ||     9
         Petrified         |       |       |       |       |     3 ||     3
 Armour: Animal skin       |    30 |    39 |       |       |       ||    69
         Skin              |       |    14 |       |       |    45 ||    59
         Chain mail        |       |    89 |   244 |   345 |   387 ||  1065
  Dodge: Dodged            |    43 |    71 |   147 |   413 |   737 ||  1411
   Form: Flux              |       |       |     1 |       |       ||     1

Illustrated notes

Table legend:
 A = Kills in this place as a percentage of kills in the entire game.
 B = Kills by you in this place as a percentage of kills by you in the entire game.
 C = Kills by friends in this place as a percentage of kills by friends in the entire game.
 D = Other kills in this place as a percentage of other kills in the entire game.
 E = Experience gained in this place as a percentage of experience gained in the entire game.
 F = Experience gained in this place divided by the number of levels of this place that you have seen.
                   A       B       C       D       E      F
               +-------+-------+-------+-------+-------+----------------------
         Total | 100.0 | 100.0 |   N/A |   N/A | 100.0 | 3342.8
       Dungeon |  60.3 |  60.3 |   N/A |   N/A |  21.0 | 1210.1
          Lair |  34.8 |  34.8 |   N/A |   N/A |  76.7 | 9745.2
        Bailey |   5.0 |   5.0 |   N/A |   N/A |   2.3 | 1477.0
               +-------+-------+-------+-------+-------+----------------------

Table legend: (Time is in decaauts)
 A = Elapsed time spent in this place.
 B = Non-inter-level travel time spent in this place.
 C = Inter-level travel time spent in this place.
 D = Time resting spent in this place.
 E = Time spent auto-exploring this place.
 F = Levels seen in this place.
 G = Mean time per level.
                   A        B        C        D        E       F      G
               +--------+--------+--------+--------+--------+-----+--------+
         Total |   9109 |   8728 |    381 |     89 |   1290 |  19 |  479.4 |
       Dungeon |   6109 |   5857 |    252 |     31 |   1136 |  11 |  555.4 |
        Temple |      1 |      1 |      0 |      0 |      0 |   1 |    1.0 |
          Lair |   2739 |   2610 |    129 |     58 |    150 |   5 |  547.8 |
  Orcish Mines |      1 |      1 |      0 |      0 |      0 |   1 |    1.0 |
        Bailey |    257 |    257 |      0 |      0 |      4 |   1 |  257.0 |
               +--------+--------+--------+--------+--------+-----+--------+

Top non-repeatable levels by time:
     D:5: 804 daAuts
     D:2: 765 daAuts
     D:7: 665 daAuts
     D:9: 644 daAuts
    D:10: 635 daAuts
  Lair:1: 611 daAuts
     D:6: 593 daAuts
     D:8: 587 daAuts
  Lair:2: 581 daAuts
  Lair:4: 565 daAuts
  Lair:3: 539 daAuts
     D:4: 500 daAuts
     D:3: 458 daAuts
  Lair:5: 441 daAuts
     D:1: 392 daAuts
